Map: Kairos Junction LE

Players

Geert

  • Race: Zerg Zerg
  • League: Platinum
  • Spawn Location: 11:00

Pegasus - Winner!

  • Race: Protoss Protoss
  • Spawn Location: 5:00

VOD

Have the link to the VOD?

Description

Time

  • Played on: July 20, 2019, 5:06 a.m.
  • Length: 11:12
Show
View Real Time Build Order
Export as new Build Order

Geert Zerg 

Build Orders: Hatch First 

Get SALT Encoding   

  12  0:00  Drone  
  13  0:12  Overlord  
  13  0:23  Drone  
  14  0:30  Drone  
  14  0:31  Drone  
  16  0:36  Drone  
  17  0:55  Hatchery  
  16  1:07  Drone x2  
  16  1:08  Drone  
  19  1:12  Extractor  
  18  1:19  Drone  
  19  1:28  Spawning Pool  
  18  1:33  Drone  
  19  1:50  Drone  
  19  1:52  Drone  
  21  2:01  Drone  
  22  2:16  Overlord x2  
  22  2:34  Queen x2  
  26  2:38  Drone x4  
  26  2:41  Metabolic Boost  
  30  2:49  Roach Warren  
  29  2:52  Evolution Chamber  
  29  2:54  Evolution Chamber  
  27  2:59  Drone x3  
  27  3:04  Zergling x4  
  32  3:23  Zerg Missile Weapons Level 1  
  32  3:27  Drone x4  
  36  3:37  Overlord x2  
  36  3:45  Lair  
  36  3:55  Queen  
  38  4:12  Hatchery, Drone x4, Extractor  
  38  4:13  Drone x3  
  38  4:15  Drone  
  44  4:32  Overlord x2  
  44  4:33  Drone x4  
  48  4:45  Glial Reconstitution  
  48  4:53  Drone x4  
  52  5:08  Extractor  
  52  5:09  Extractor  
  52  5:13  Drone  
  52  5:14  Overlord, Drone x4  
  55  5:28  Zerg Ground Armor Level 1  
  55  5:34  Queen  
  57  5:36  Drone x2  
  57  5:37  Drone x6  
  57  5:38  Drone x3  
  57  5:42  Extractor  
  67  5:43  Extractor  
  66  5:54  Roach x4  
  66  5:55  Roach  
  76  6:10  Drone x3  
  79  6:22  Roach  
  81  6:30  Overlord x2  
  81  6:31  Overlord x2  
  81  7:01  Queen  
  83  7:09  Roach x15  
  113  7:32  Overlord x3  
  113  7:33  Overlord  
  113  7:36  Overseer x2  
  113  7:37  Overseer  
  113  7:58  Overlord x5  
  113  7:59  Overlord x4  
  113  8:03  Roach x9  
  127  8:20  Hatchery  
  126  8:27  Hydralisk Den  
  126  8:31  Roach  
  126  8:32  Roach x12  
  116  8:56  Hydralisk  
  116  8:57  Hydralisk x7  
  110  9:22  Roach x7  
  100  9:48  Hydralisk x13  
  112  9:56  Queen  
  62  10:30  Hydralisk x4  
  62  10:31  Hydralisk x5  
Show
View Real Time Build Order
Export as new Build Order

Pegasus Protoss - Winner!

Build Orders: Cannon Rush 

Get SALT Encoding   

  1  0:00  Probe  
  13  0:07  Probe  
  14  0:16  Probe  
  15  0:29  Pylon  
  15  0:38  Assimilator  
  15  0:47  Probe  
  16  0:53  Gateway  
  16  0:57  Forge  
  16  1:00  Probe  
  16  1:08  Probe  
  18  1:18  Probe  
  19  1:30  Probe  
  20  1:39  Photon Cannon  
  20  1:42  Probe  
  20  1:44  Photon Cannon  
  21  1:48  Photon Cannon  
  21  2:02  Cybernetics Core  
  21  2:05  Probe  
  21  2:13  Probe, Assimilator  
  23  2:28  Pylon  
  23  2:31  Pylon  
  23  2:46  Probe  
  24  2:52  Stargate  
  25  2:58  Probe  
  25  3:10  Probe  
  25  3:11  Nexus  
  26  3:19  Stargate  
  26  3:22  Probe  
  26  3:25  Void Ray  
  27  3:36  Probe  
  32  3:44  Assimilator  
  32  3:47  Assimilator  
  32  3:51  Probe  
  33  4:04  Void Ray  
  37  4:10  Pylon  
  37  4:18  Pylon  
  37  4:33  Void Ray  
  41  4:41  Void Ray  
  41  4:46  Protoss Air Weapons Level 1  
  45  4:55  Probe  
  46  5:04  Robotics Facility  
  46  5:07  Probe  
  46  5:11  Probe  
  48  5:19  Probe  
  49  5:23  Probe  
  49  5:28  Void Ray  
  50  5:32  Probe  
  55  5:42  Void Ray  
  59  5:44  Probe x2  
  61  5:52  Probe  
  62  5:58  Observer  
  62  6:00  Probe  
  63  6:08  Probe  
  63  6:11  Void Ray  
  65  6:12  Probe  
  70  6:24  Pylon  
  70  6:25  Pylon  
  70  6:27  Pylon  
  70  6:30  Pylon  
  70  6:37  Pylon  
  70  6:40  Probe  
  70  6:42  Probe  
  72  6:48  Probe  
  72  6:51  Void Ray  
  72  6:54  Probe  
  78  6:56  Probe  
  78  7:01  Void Ray  
  79  7:08  Probe  
  84  7:20  Probe  
  84  7:22  Protoss Air Armor Level 1  
  85  7:25  Protoss Shields Level 1  
  85  7:32  Probe  
  86  7:44  Probe  
  87  7:53  Void Ray x2  
  87  7:56  Probe  
  96  7:59  Pylon  
  80  9:11  Photon Cannon  
  80  9:13  Probe, Photon Cannon  
  80  9:15  Pylon  
  81  9:21  Probe  
  81  9:31  Probe  
  79  9:43  Probe  
  80  9:52  Photon Cannon  
  80  9:54  Photon Cannon  
  80  9:55  Probe  
  80  9:56  Photon Cannon  
  81  10:01  Photon Cannon  
  81  10:07  Probe  
  82  10:18  Photon Cannon  
  82  10:19  Probe  
  82  10:20  Pylon  
  83  10:26  Photon Cannon  
  83  10:31  Probe  
Tags
 
Add a new tag
Caveats
  • Supply blocks, unpowered buildings, or Contaminate may cause inaccurate times.
  • Supply counts are checked every 10 seconds.